 Dungeon Crawl Stone Soup version 0.30.0-15-g856e2d3f33 (webtiles) character file.

Game seed: 12600999002849792404

203 meatpath the Trooper (level 5, -1/34 HPs)
             Began as a Gargoyle Fighter on May 18, 2023.
             Slain by an ogre
             ... wielding a +0 giant spiked club
              (25 damage)
             ... on level 3 of the Dungeon.
             The game lasted 00:02:43 (1215 turns).

meatpath the Trooper (Gargoyle Fighter)             Turns: 1215, Time: 00:02:44

Health: -1/34      AC: 10    Str: 21    XL:     5   Next: 81%
Magic:  5/5        EV:  9    Int:  9    God:
Gold:   53         SH:  4    Dex:  9    Spells: 4/4 levels left

rFire   . . .        d - +2 dagger (venom)
rCold   . . .        c - +0 buckler
rNeg    + . .        b - +0 scale mail
rPois   ∞            (no helmet)
rElec   +            (no cloak)
rCorr   .            (no gloves)
SInv    .            (no boots)
Will    .....        (no amulet) Stlth
                     (no ring)
HPRegen 0.25/turn    (no ring)
MPRegen 0.09/turn

%: no passive effects
@: no status effects
A: sickness immunity, AC +4, negative energy resistance 1, electricity
resistance, torment resistance 1, petrification resistance
a: no special abilities


You were on level 3 of the Dungeon.
You visited 1 branch of the dungeon, and saw 3 of its levels.

You collected 53 gold pieces.

Inventory:

Hand Weapons
 a - a +0 flail
 d - a +2 dagger of venom (weapon)
Armour
 b - a +0 scale mail (worn)
 c - a +0 buckler (worn)
Jewellery
 l - a ring of ice
Scrolls
 f - a scroll of magic mapping {unknown}
 g - a scroll of vulnerability
 i - a scroll of noise {unknown}
 j - a scroll of blinking
 m - a scroll of butterflies {unknown}
Potions
 e - 2 potions of curing {unknown}
 h - a potion of invisibility {unknown}
 k - a potion of flight {unknown}


   Skills:
 + Level 4.8 Fighting
 + Level 3.7 Maces & Flails
 - Level 3.2 Armour
 + Level 4.7 Shields


You had 4 spell levels left.
You didn't know any spells.
Your spell library was empty.

Dungeon Overview and Level Annotations

Branches:
Dungeon (3/15)

Altars:
Vehumet


Innate Abilities, Weirdness & Mutations

You are immune to sickness and miasma.
Your stone body is resilient. (AC +4)
You are immune to poison.
You resist negative energy. (rN+)
You are resistant to electric shocks. (rElec)
You are resistant to unholy torment.
You are immune to petrification.


Message History

No target in view!
HP restored.
Things that are here:
a +1 dagger of freezing; a kobold corpse
Found a stone staircase leading up.
Found a stone staircase leading down.
A rat comes into view.
There is a stone staircase leading up here.
An ogre comes into view. It is wielding a +0 giant spiked club.
The ogre shouts!
A ball python comes into view.
The rat closely misses you.
You hit the rat.
You kill the rat!
Your +2 dagger of venom begins to drip with poison!
d - a +2 dagger of venom (weapon)
The ball python attacks as you move away!
The ball python bites you but does no damage.
There is a stone staircase leading up here.
The ball python attacks as you move away!
The ball python bites you but does no damage.
The ball python closely misses you.
You hit the ball python.
The ball python is severely wounded.
You block the ball python's attack. The ball python barely misses you.
The ball python closely misses you. The ball python grabs you.
The ball python constricts you.
You escape the ball python's grasp.
You hit the ogre.
The ogre is lightly wounded.
The ogre hits you with a +0 giant spiked club!
You hit the ogre.
The ogre is poisoned.
The ogre is lightly wounded.
The ogre hits you but does no damage.
Things that are here:
a +1 dagger of freezing; a kobold corpse The ogre attacks as you move away!
The ogre hits you with a +0 giant spiked club!!
Ouch! That really hurt!
You die...

######## #......#
#.####.# #
######.##
#.######## ##
#..S.O..#
#........###.
###########.####@.#
########.##..
#†..<.......# #..#
#.....
......####### .....
####.. #.###.#
#####.# ##. #. #.#
.# ## .. #.# # # ..
>.. .. #.# .. ..#


You could see an ogre (very poisoned) and a ball python.

Vanquished Creatures
  Sigmund (D:2)
  3 dart slugs (D:1)
  2 bats (D:1)
  6 endoplasms
  2 hobgoblins (D:1)
  5 ball pythons
  5 frilled lizards
  2 goblins (D:1)
  7 kobolds
  3 rats
36 creatures vanquished.

Notes
Turn   | Place    | Note
-------+----------+-------------------------------------------
     0 | D:1      | meatpath the Gargoyle Fighter began the quest for the Orb.
     0 | D:1      | Reached XP level 1. HP: 14/14 MP: 1/1
    42 | D:1      | You fall into a shaft and drop 1 floor!
    66 | D:1      | Reached XP level 2. HP: 14/19 MP: 2/2
   215 | D:1      | Reached XP level 3. HP: 19/24 MP: 3/3
   615 | D:2      | Found a radiant altar of Vehumet.
   647 | D:2      | Noticed Sigmund
   659 | D:2      | Killed Sigmund
   660 | D:2      | Reached XP level 4. HP: 30/30 MP: 4/4
   660 | D:2      | Reached XP level 5. HP: 34/34 MP: 5/5
   707 | D:2      | Found a faded altar of an unknown god.
  1193 | D:3      | Noticed an ogre
  1215 | D:3      | Slain by an ogre

Illustrated notes

Levels and vault maps discovered:
D:1:      ncdulo_watergridlock, layout_rooms
D:2:      layout_loops_ring, basic_altar, hellmonk_ecumenical_altar_zigzags,
          uniq_sigmund
D:3:      layout_loops_ring

Skill      XL: |  1  2  3 |
---------------+----------+-----
Fighting       | 4 |  4.8
Maces & Flails | 3 |  3.7
Shields        | 4 |  4.7
Armour         | |  3.2

Action                     |  1- 3 |  4- 6 || total
---------------------------+-------+-------++-------
  Melee: Flail             |    83 |    18 ||   101
         Dagger            |       |     3 ||     3
    Use: Potion            |     1 |       ||     1
         Scroll            |       |     2 ||     2
 Armour: Scale mail        |    51 |    11 ||    62
  Dodge: Dodged            |    42 |    10 ||    52
  Block: Buckler           |    18 |     7 ||    25
